 Dungeon Crawl Stone Soup version 0.32-a0-699-g1ee5eff69a (webtiles) character file.

Game seed: 11838185110090208736

2072 smashvw the Fighter (level 9, -3/82 HPs)
             Began as a Minotaur Fighter on Mar 14, 2024.
             Was an Initiate of Gozag.
             Slain by a boulder beetle (15 damage)
             ... on level 6 of the Dungeon.
             The game lasted 00:18:10 (4610 turns).

smashvw the Fighter (Minotaur Fighter)              Turns: 4610, Time: 00:18:11

Health: -3/82      AC: 12    Str: 23    XL:     9   Next: 5%
Magic:  8/8        EV:  5    Int:  9    God:    Gozag
Gold:   371        SH:  4    Dex: 10    Spells: 8/8 levels left

rFire   . . .        a - +0 war axe
rCold   . . .        c - +0 buckler
rNeg    . . .        w - +0 plate armour
rPois   +            (helmet restricted)
rElec   .            d - scarf {repulsion}
rCorr   .            (no gloves)
SInv    .            (no boots)
Will    .....        (no amulet) Stlth
                     (no ring)
HPRegen 1.13/turn    (no ring)
MPRegen 0.11/turn

%: repel missiles
@: no status effects
A: horns 2, retaliatory headbutt, fangs 1, clever 1, poison resistance,
regeneration 1
a: Renounce Religion, Potion Petition, Call Merchant, Bribe Branch


You were on level 6 of the Dungeon.
You worshipped Gozag.
Gozag was aware of your devotion.
You visited 2 branches of the dungeon, and saw 7 of its levels.

You collected 467 gold pieces.
You paid 96 gold pieces to Gozag.

Inventory:

Hand Weapons
 a - a +0 war axe (weapon)
Missiles
 f - 35 stones
 j - 4 poisoned darts
 n - 3 curare-tipped darts
 r - 9 javelins
 v - 11 boomerangs
 B - 4 datura-tipped darts
Armour
 c - a +0 buckler (worn)
 d - a scarf of repulsion (worn)
 w - a +0 plate armour (worn)
Talismans
 y - a maw talisman
Wands
 b - a wand of mindburst (16)
Scrolls
 g - 2 scrolls of revelation
 i - a scroll of noise
 k - a scroll of teleportation
 l - a scroll of torment {unknown}
 m - a scroll of enchant weapon {unknown}
 x - a scroll of blinking {unknown}
 A - a scroll of poison {unknown}
Potions
 e - a potion of lignification
 h - a potion of mutation
 o - 2 potions of enlightenment {unknown}
 p - a potion of resistance
 q - a potion of magic {unknown}
 s - a potion of degeneration {unknown}
 t - a potion of heal wounds {unknown}
 z - a potion of attraction {unknown}


   Skills:
 + Level 8.9 Fighting
 + Level 8.3 Axes
 - Level 5.0 Throwing
 + Level 4.4 Armour
 - Level 5.0 Shields
 - Level 3.0 Evocations


You had 8 spell levels left.
You didn't know any spells.
Your spell library contained the following spells:

 Spells                   Type           Power      Damage    Failure   Level
 Magic Dart               Conj           0%         1d3       100%        1
 Searing Ray              Conj           0%         2d4       100%        2
 Fulminant Prism          Conj/Alch      0%         3d5       100%        4


Dungeon Overview and Level Annotations

Branches:
Dungeon (6/15)             Temple (1/1) D:5

Altars:
Cheibriados
Dithmenos
Elyvilon
Fedhas
Gozag
Kikubaaqudgha
Makhleb
Nemelex Xobeh
Okawaru
Qazlal
Ru
Sif Muna
Uskayaw
Vehumet
Wu Jian
Zin
The Shining One

Shops:
D:1 =   D:2 [


Innate Abilities, Weirdness & Mutations

You have a pair of horns on your head.
You reflexively headbutt those who attack you in melee.
You have very sharp teeth.
Your mind is acute. (Int +4, Str/Dex -1)
Your system is resistant to poisons. (rPois)
Your natural rate of healing is unusually fast.


Message History

The boulder beetle stops rolling and uncurls.
Okay, then.
You throw a curare-tipped dart.
The curare-tipped dart hits the boulder beetle.
The boulder beetle looks as sick as possible!
The boulder beetle struggles to breathe.
The boulder beetle seems to be slow for longer.
The boulder beetle is heavily wounded.
Okay, then.
You hit the boulder beetle but do no damage.
The boulder beetle is heavily wounded.
The boulder beetle bites you!!
Okay, then.
Okay, then.
Okay, then.
Aiming: Polymorph
Press: ? - help, Q - select action, (/) - cycle Shift-Dir - straight line, f/p - boulder beetle
Aim: a boulder beetle (heavily wounded, extremely poisoned, slow, will become a spark wasp, a radroach, or a broodmother, chance to affect: 38%)
The boulder beetle resists with some effort.
The boulder beetle bites you.
* * * LOW HITPOINT WARNING * * *
You hit the boulder beetle but do no damage.
The boulder beetle is severely wounded.
The boulder beetle bites you!
* * * LOW HITPOINT WARNING * * *
Aiming: Polymorph
Press: ? - help, Q - select action, (/) - cycle Shift-Dir - straight line, f/p - boulder beetle
Aim: a boulder beetle (severely wounded, very poisoned, slow, will become a spark wasp, a radroach, or a broodmother, chance to affect: 38%)
The boulder beetle resists with some effort.
Aiming: Polymorph
Press: ? - help, Q - select action, (/) - cycle Shift-Dir - straight line, p - boulder beetle
Okay, then.
Aiming: Polymorph
Press: ? - help, Q - select action, (/) - cycle Shift-Dir - straight line, f/p - boulder beetle
Aim: a boulder beetle (severely wounded, very poisoned, slow, will become a spark wasp, a radroach, or a broodmother, chance to affect: 38%)
The boulder beetle resists with some effort.
The now-empty wand crumbles to dust.
The boulder beetle bites you!
You die...
Your body crumbles into a pile of gold.

#................##
..####...).......#. ##
###.............. <.
#................ ..
#.##.).........## #.
###.$$...........
#.##...$.(##...#######
.####...$.B#####.#######..
#........@....##.####....#
..............##.##...####
..............#.....###
.......)......#)#.###
................)....#.#.#
................)).....#)##
......#..............)....#
....................)<....#
.....$...$..........).....#


You could see a boulder beetle (very poisoned, slow).

Vanquished Creatures
  A hornet (D:5)
  Grinder (D:3)
  Duvessa (D:6)
  An ice beast (D:6)
  An orc warrior (D:6)
  2 ogres
  A centaur (D:5)
  2 phantoms (D:5)
  4 scorpions
  Dowan (D:6)
  2 howler monkeys
  3 bombardier beetles
  2 hounds (D:4)
  6 orc priests
  A jelly (D:4)
  An iguana (D:6)
  2 orc wizards
  6 adders
  A shadow imp (D:6)
  2 ufetubi (D:5)
  3 dart slugs
  24 orcs
  6 ball pythons
  3 bats
  6 endoplasms
  2 giant cockroaches
  7 goblins
  8 hobgoblins
  11 jackals
  5 kobolds
  A quokka (D:4)
  5 frilled lizards
  A jackal skeleton (D:6)
  5 rats
128 creatures vanquished.

Notes
Turn   | Place    | Note
-------+----------+-------------------------------------------
     0 | D:1      | smashvw the Minotaur Fighter began the quest for the Orb.
     0 | D:1      | Reached XP level 1. HP: 19/19 MP: 0/0
   195 | D:1      | Found Jemos's Jewellery Boutique.
   199 | D:1      | Reached XP level 2. HP: 27/27 MP: 1/1
  1079 | D:2      | Found Fiofam's Antique Armour Shoppe.
  1084 | D:2      | Reached XP level 3. HP: 33/33 MP: 2/2
  1230 | D:2      | Found a sparkling altar of Nemelex Xobeh.
  1275 | D:2      | Reached skill level 1 in Throwing
  1492 | D:3      | Reached XP level 4. HP: 34/41 MP: 3/3
  1899 | D:3      | Noticed Grinder
  1913 | D:3      | Paralysed by Grinder for 5 turns
  1922 | D:3      | Killed Grinder
  1923 | D:3      | Reached skill level 5 in Fighting
  1923 | D:3      | Reached skill level 5 in Shields
  1923 | D:3      | Reached XP level 5. HP: 24/48 MP: 4/4
  1923 | D:3      | Reached XP level 6. HP: 28/56 MP: 5/5
  2395 | D:4      | Found a snail-covered altar of Cheibriados.
  2489 | D:4      | Reached skill level 1 in Evocations
  2527 | D:4      | Reached skill level 5 in Axes
  2684 | D:4      | Reached XP level 7. HP: 63/63 MP: 6/6
  2698 | D:4      | Found a glowing silver altar of Zin.
  2807 | D:4      | Found an ornate altar of the Wu Jian Council.
  2949 | D:5      | Entered Level 5 of the Dungeon
  3161 | D:5      | Found a staircase to the Ecumenical Temple.
  3265 | Temple   | Entered the Ecumenical Temple
  3277 | Temple   | Became a worshipper of Gozag Ym Sagoz the Greedy
  3309 | D:5      | Found a glowing golden altar of the Shining One.
  3560 | D:5      | Reached XP level 8. HP: 8/71 MP: 7/7
  3990 | D:5      | Noticed a hornet
  3995 | D:5      | Paralysed by a hornet for 1 turns
  3997 | D:5      | Killed a hornet
  4204 | D:5      | Reached skill level 5 in Throwing
  4235 | D:6      | Noticed a boulder beetle
  4395 | D:6      | Noticed Duvessa
  4399 | D:6      | Gained mutation: Your system is resistant to poisons.
                  | (rPois) [potion of mutation]
  4399 | D:6      | Gained mutation: Your natural rate of healing is unusually
                  | fast. [potion of mutation]
  4399 | D:6      | Gained mutation: You have very sharp teeth. [potion of
                  | mutation]
  4399 | D:6      | Gained mutation: Your mind is acute. (Int +4, Str/Dex -1)
                  | [potion of mutation]
  4482 | D:6      | Killed Duvessa
  4516 | D:6      | Noticed Dowan
  4535 | D:6      | Killed Dowan
  4538 | D:6      | Reached XP level 9. HP: 67/82 MP: 8/8
  4610 | D:6      | Slain by a boulder beetle

Illustrated notes

Levels and vault maps discovered:
D:1:      minmay_arrival_split_and_join, layout_basic, serial_shops, shop
D:2:      layout_rooms, serial_shops, shop, basic_altar
D:3:      layout_basic, serial_curves, eino_curves_03, eino_curves_04,
          nrook_campfire, uniq_grinder
D:4:      layout_rooms, pdpol_wu_jian_five_deadly_venoms, zin_treasury,
          mainiacjoe_overflow_catwalk, kennysheep_generic_room_14
D:5:      layout_basic, mainiacjoe_overflow_alcove_1,
          minmay_temple_entry_sparse_star
D:6:      layout_rooms, dk_yredelemnul_ordeal, uniq_duvessa
Temple:   nicolae_temple_hex_pool

Skill      XL: |  1  2  3  4  5  6  7  8 |
---------------+-------------------------+-----
Fighting       | 4 5 6 8 |  8.9
Shields        | 4 5 |  5.0
Axes           | 3 4 5 6 8 |  8.3
Throwing       | 1 2 3 4 5 |  5.0
Evocations     | 1 2 3 |  3.0
Armour         | 4 |  4.4

Action                     |  1- 3 |  4- 6 |  7- 9 || total
---------------------------+-------+-------+-------++-------
  Melee: War axe           |    89 |    69 |   159 ||   317
         Headbutt          |    12 |    12 |    19 ||    43
         Bite              |       |       |     3 ||     3
  Throw: Stone             |    10 |     3 |     5 ||    18
         Javelin           |       |       |    11 ||    11
         Dart              |       |       |     5 ||     5
  Evoke: Wand              |       |       |     4 ||     4
    Use: Scroll            |       |     3 |     1 ||     4
         Potion            |       |       |     5 ||     5
 Armour: Scale mail        |    65 |    28 |       ||    93
         Plate armour      |       |    16 |   175 ||   191
         Skin              |       |       |    19 ||    19
  Dodge: Dodged            |    37 |    29 |    32 ||    98
         Repelled          |       |       |    13 ||    13
  Block: Buckler           |    23 |    13 |    41 ||    77

Table legend: (Time is in decaauts)
 A = Elapsed time spent in this place.
 B = Non-inter-level travel time spent in this place.
 C = Inter-level travel time spent in this place.
 D = Time resting spent in this place.
 E = Time spent auto-exploring this place.
 F = Levels seen in this place.
 G = Mean time per level.
                   A        B        C        D        E       F      G
               +--------+--------+--------+--------+--------+-----+--------+
         Total |   4699 |   4507 |    192 |     90 |   3500 |   7 |  671.3 |
       Dungeon |   4674 |   4493 |    181 |     90 |   3500 |   6 |  779.0 |
        Temple |     24 |     13 |     11 |      0 |      0 |   1 |   24.0 |
               +--------+--------+--------+--------+--------+-----+--------+

Top non-repeatable levels by time:
     D:5: 1335 daAuts
     D:1: 1097 daAuts
     D:3: 790 daAuts
     D:4: 698 daAuts
     D:2: 419 daAuts
     D:6: 332 daAuts
  Temple: 24 daAuts
